 Dungeon Crawl Stone Soup version 0.29-a0-839-g4793fd635e (webtiles) character file.

Game seed: 5187679749256532109

4795 freddan the Basher (level 10, -5/90 HPs)
             Began as a Minotaur Berserker on July 14, 2022.
             Was a Priest of Trog.
             Slain by a small abomination (7 damage)
             ... on level 1 of the Abyss.
             The game lasted 01:33:14 (7380 turns).

freddan the Basher (Minotaur Berserker)             Turns: 7380, Time: 01:33:14

Health: -5/90      AC: 13    Str: 24    XL:     10   Next: 24%
Magic:  9/9        EV: 12    Int:  4    God:    Trog [***...]
Gold:   469        SH:  0    Dex: 16    Spells: 9/9 levels left

rFire   + . .      SeeInvis .   l - +9 mace "Datothren" {flame, rF+ rC+ Dex+4}
rCold   + . .      Faith    .   (no shield)
rNeg    . . .      Spirit   .   h - +0 chain mail
rPois   .          Reflect  .   (helmet restricted)
rElec   .          Harm     .   (no cloak)
rCorr   .          Rampage  .   A - +0 pair of gloves
Will    .....                   I - +0 pair of boots
Stlth   ..........              q - amulet of regeneration
HPRegen 0.00/turn               (no ring)
MPRegen 0.11/turn               (no ring)

@: on berserk cooldown, sick, slowed, very slow
A: horns 2, retaliatory headbutt
a: Renounce Religion, Berserk, Trog's Hand


You were on level 1 of the Abyss.
You worshipped Trog.
Trog was most pleased with you.
You visited 1 branch of the dungeon, and saw 9 of its levels.
You visited the Abyss 1 time.

You collected 559 gold pieces.
You spent 90 gold pieces at shops.

Inventory:

Hand Weapons
 a - a +1 mace of protection
 b - a +2 dagger of venom
 l - the +9 mace "Datothren" (weapon) {flame, rF+ rC+ Dex+4}
   (You found it on level 2 of the Dungeon)

   It burns those it strikes, dealing additional fire damage.
   Dex:       It affects your dexterity (+4).
   rF:        It protects you from fire.
   rC:        It protects you from cold.
 n - a +3 short sword
 y - a +1 dire flail of holy wrath
 B - a +3 hand axe
 C - a +2 scimitar
 H - a +2 whip of freezing
Missiles
 p - 5 datura-tipped darts (quivered)
 z - 5 poisoned darts
Armour
 h - a +0 chain mail (worn)
 A - a +0 pair of gloves (worn)
 I - a +0 pair of boots (worn)
Jewellery
 q - an amulet of regeneration (around neck)
 J - an amulet of reflection
Wands
 F - a wand of flame (21)
Scrolls
 i - 2 scrolls of amnesia
 k - a scroll of fog
 o - a scroll of vulnerability
 s - a scroll of immolation
 u - a scroll of blinking
 v - 2 scrolls of enchant weapon
 x - 2 scrolls of teleportation
 D - 2 scrolls of magic mapping {unknown}
 G - a scroll of fear {unknown}
Potions
 c - 4 potions of flight
 d - a potion of degeneration
 e - a potion of cancellation
 f - 7 potions of curing
 g - a potion of brilliance
 j - a potion of mutation
 m - a potion of lignification
 r - a potion of ambrosia
 w - a potion of might {unknown}
 E - a potion of heal wounds {unknown}


   Skills:
 + Level 8.9 Fighting
 - Level 4.6(8.4) Axes
 * Level 10.9(11.3) Maces & Flails
 - Level 2.0 Throwing
 + Level 8.5 Armour
 + Level 7.3 Dodging


You had 9 spell levels left.
You didn't know any spells.
Your spell library was empty.

Dungeon Overview and Level Annotations

Branches:
Dungeon (9/15)             Temple (0/1) D:7
   Lair: D:8-11         Orc: D:9-12

Altars:
Fedhas
Nemelex Xobeh
Okawaru
Qazlal
Uskayaw
Wu Jian
Zin
The Shining One

Shops:
D:9 :

Annotations:
D:9 Erolcha


Innate Abilities, Weirdness & Mutations

You have a pair of horns on your head.
You reflexively headbutt those who attack you in melee.


Message History

You headbutt the ancient zyme! The ancient zyme barely misses you.
You barely miss the ancient zyme. Your headbutt misses the ancient zyme.
The ancient zyme is severely damaged.
The ancient zyme hits you.
* * * LOW HITPOINT WARNING * * *
The ancient zyme hits you!
* * * LOW HITPOINT WARNING * * *
You can't see any item there.
Blink to where?
Press: ? - help, Dir - move target
As you read the scroll of blinking, it crumbles to dust.
You feel ill.
You start resting.
A small abomination comes into view.
Throw: dart (atropa)
Press: ? - help, Q - select action, (/) - cycle Shift-Dir - straight line, f - small abomination
Aim: a small abomination (wandering, hasn't noticed you, 69% to hit, immune)
You throw an atropa-tipped dart.
The atropa-tipped dart hits the small abomination.
The small abomination is unaffected.
Throw: 6 darts (datura)
Press: ? - help, Q - select action, (/) - cycle Shift-Dir - straight line, f/p - small abomination
Aim: a small abomination (69% to hit, immune)
You throw a datura-tipped dart.
The datura-tipped dart hits the small abomination.
The small abomination is unaffected.
You feel ill. The ancient zyme hits you.
* * * LOW HITPOINT WARNING * * *
The ancient zyme closely misses you.
Blink to where?
Press: ? - help, Dir - move target, p - small abomination
As you read the scroll of blinking, it crumbles to dust.
You start resting.
A small abomination is nearby!
Aiming: Throw Flame
Press: ? - help, Shift-Dir - straight line, f - small abomination
Aim: a small abomination (72% to hit)
The puff of flame hits the small abomination but does no damage.
The small abomination hits you!
You die...

. ... #..x### ..## #.#
##.## ##x # ##.#####
...###...###.ยง*###.>.##
# ...#.....#.... #....x
#. ...................
..#. #.... #.
..#.....### #...###
##...##.. ##x## ##.###
#..@# ##... #. #.....#
.#.....# # ...........
.......... .
...#.....#.....#.... # .
...###...###...## . ##.
#.# ##.## #.## # .### ..
... ...# ... #. ..
..#... # . .. . . .


You could see a small abomination.

Vanquished Creatures
  A sixfirhy (Abyss:1)
  Pikel (D:8)
  A freezing wraith (Abyss:1)
  2 wyverns
  Eustachio (D:6)
  A steam dragon (D:7)
  Edmund (D:6)
  An acid dragon (D:8)
  Duvessa (D:6)
  A water moccasin (D:8)
  A sky beast (D:7)
  2 orc warriors
  A black bear (D:6)
  2 centaurs (D:8)
  2 ogres
  A lemure (D:8)
  A phantom (D:5)
  7 bullfrogs
  A scorpion (D:7)
  A necrophage (D:6)
  4 wights (D:7)
  Dowan (D:6)
  5 killer bees (D:9)
  2 hounds
  3 jellies
  5 orc priests
  4 iguanas
  3 orc wizards
  10 adders
  2 shadow imps
  A white imp (D:5)
  An ufetubus (D:7)
  3 worms
  3 dart slugs
  27 orcs
  5 ball pythons
  5 endoplasms
  5 giant cockroaches
  10 goblins
  6 hobgoblins
  A jackal (D:4)
  3 quokkas
  2 bats (D:2)
  7 frilled lizards
  6 kobolds
  5 rats
159 creatures vanquished.

Notes
Turn   | Place    | Note
-------+----------+-------------------------------------------
     0 | D:1      | freddan the Minotaur Berserker began the quest for the Orb.
     0 | D:1      | Reached XP level 1. HP: 19/19 MP: 0/0
   245 | D:1      | Reached XP level 2. HP: 23/27 MP: 1/1
   311 | D:1      | Found a faded altar of an unknown god.
  1193 | D:2      | You fall into a shaft and drop 1 floor!
  1328 | D:3      | Reached XP level 3. HP: 27/33 MP: 2/2
  1396 | D:3      | Found a glowing golden altar of the Shining One.
  1785 | D:2      | Reached XP level 4. HP: 36/40 MP: 3/3
  1871 | D:2      | Identified the +9 mace "Datothren" {flame, rF+ rC+ Dex+4}
  2275 | D:2      | Reached skill level 1 in Maces & Flails
  2343 | D:2      | Reached ** piety under Trog
  2975 | D:4      | Noticed a bullfrog
  3035 | D:4      | Reached skill level 2 in Maces & Flails
  3035 | D:4      | Reached XP level 5. HP: 47/47 MP: 4/4
  3037 | D:4      | Reached skill level 1 in Throwing
  3275 | D:4      | Reached skill level 3 in Maces & Flails
  3275 | D:4      | Reached XP level 6. HP: 20/55 MP: 5/5
  3277 | D:4      | Reached skill level 5 in Fighting
  3541 | D:4      | Found Zin's Purification Station.
  3561 | D:4      | Found a glowing silver altar of Zin.
  3573 | D:4      | Bought a potion of curing for 90 gold pieces
  3949 | D:5      | Entered Level 5 of the Dungeon
  3986 | D:5      | Reached skill level 4 in Maces & Flails
  4089 | D:5      | Reached XP level 7. HP: 61/61 MP: 6/6
  4169 | D:5      | Found an iron altar of Okawaru.
  4317 | D:5      | Reached skill level 5 in Maces & Flails
  4357 | D:5      | Found a hide-covered altar of Uskayaw.
  4430 | D:5      | Reached skill level 5 in Armour
  4874 | D:6      | Noticed Eustachio
  4874 | D:6      | Noticed Duvessa
  4874 | D:6      | Noticed Dowan
  4878 | D:6      | Killed Eustachio
  4880 | D:6      | Killed Duvessa
  4881 | D:6      | Reached skill level 6 in Maces & Flails
  4881 | D:6      | Reached XP level 8. HP: 70/70 MP: 7/7
  4881 | D:6      | Killed Dowan
  4943 | D:6      | Found a sparkling altar of Nemelex Xobeh.
  4950 | D:6      | Found a blossoming altar of Fedhas.
  5334 | D:6      | Reached *** piety under Trog
  5362 | D:6      | Reached skill level 7 in Maces & Flails
  5693 | D:6      | Reached skill level 5 in Dodging
  5813 | D:6      | Noticed Edmund
  5822 | D:6      | Killed Edmund
  5994 | D:7      | Reached skill level 8 in Maces & Flails
  6022 | D:7      | Reached XP level 9. HP: 73/79 MP: 8/8
  6099 | D:7      | Found a staircase to the Ecumenical Temple.
  6334 | D:7      | Found an ornate altar of the Wu Jian Council.
  6613 | D:8      | Reached skill level 9 in Maces & Flails
  6860 | D:8      | Noticed Pikel
  6870 | D:8      | Killed Pikel
  6871 | D:8      | Reached skill level 10 in Maces & Flails
  7192 | D:9      | Found Kiluaru's Book Shop.
  7207 | D:9      | Found a stormy altar of Qazlal.
  7226 | D:9      | Reached XP level 10. HP: 90/90 MP: 9/9
  7233 | D:9      | Noticed Erolcha
  7238 | Abyss:1  | Cast into level 1 of the Abyss (Erolcha)
  7342 | Abyss:1  | Noticed a sixfirhy
  7350 | Abyss:1  | Killed a sixfirhy
  7374 | Abyss:1  | HP: 2/90 [ancient zyme (4)]
  7377 | Abyss:1  | Noticed a wretched star
  7380 | Abyss:1  | Slain by a small abomination

Illustrated notes

Levels and vault maps discovered:
D:1:      dpeg_arrival_water_temple_mockup, layout_basic, basic_ecumenical_altar
D:2:      layout_loops_ring, grunt_ministairs_11
D:3:      layout_basic, overflow_temple_1_default
D:4:      layout_cave_pools, zin_purify, kennysheep_generic_room_5
D:5:      layout_loops_corners, kennysheep_okawaru_gauntlet,
          mainiacjoe_overflow_small_starburst, minivault_23
D:6:      layout_gridville, mainiacjoe_overflow_large_starburst,
          kennysheep_generic_room_16, uniq_eustachio, uniq_edmund, uniq_duvessa
D:7:      layout_rooms, nzn_wu_jian_council_hall, minmay_temple_entry_wispy,
          serial_rivers, chequers_serial_rivers_small_b,
          chequers_serial_rivers_micro_a, chequers_serial_rivers_room_b,
          chequers_serial_rivers_micro_e, chequers_serial_rivers_large_a
D:8:      layout_basic, uniq_pikel
D:9:      kennysheep_kobold_camp, layout_rooms,
          grunt_temple_overflow_magic_moments, nicolae_qazlal_style_of_elements,
          dpeg_oklobed_lair, biasface_ghost_orc_armoury, serial_shops, shop,
          uniq_erolcha
Abyss:1:  base:
D:9

Skill      XL: |  1  2  3  4  5  6  7  8  9 10 |
---------------+-------------------------------+-----
Axes           | 4 |  4.6
Fighting       | 4 5 6 7 8 |  8.9
Armour         | 3 4 5 6 8 |  8.5
Dodging        | 3 4 5 6 7 |  7.3
Maces & Flails | 2 3 4 6 8 10 | 10.9
Throwing       | 1 2 |  2.0

Action                   |  1- 3 |  4- 6 |  7- 9 | 10-12 || total
-------------------------+-------+-------+-------+-------++-------
Melee: Hand axe          |    89 |     4 |       |       ||    93
       Headbutt          |    13 |    10 |    19 |     1 ||    43
       Mace              |       |    67 |   139 |    23 ||   229
       Punch             |       |     1 |       |       ||     1
Throw: Dart              |       |     3 |       |     2 ||     5
Invok: Berserk           |     6 |     4 |     6 |     1 ||    17
Evoke: Wand              |       |       |       |     1 ||     1
  Use: Scroll            |     7 |     6 |     3 |     2 ||    18
       Potion            |       |       |       |     1 ||     1
Armor: Animal skin       |     4 |       |       |       ||     4
       Leather armour    |     5 |       |       |       ||     5
       Ring mail         |     6 |    18 |       |       ||    24
       Chain mail        |       |    27 |    59 |    15 ||   101
Dodge: Dodged            |    42 |    61 |    74 |    37 ||   214

Table legend: (Time is in decaauts)
 A = Elapsed time spent in this place.
 B = Non-inter-level travel time spent in this place.
 C = Inter-level travel time spent in this place.
 D = Time resting spent in this place.
 E = Time spent auto-exploring this place.
 F = Levels seen in this place.
 G = Mean time per level.
                   A        B        C        D        E       F      G
               +--------+--------+--------+--------+--------+-----+--------+
         Total |   7564 |   7459 |    105 |   1094 |   1235 |  10 |  756.4 |
       Dungeon |   7411 |   7306 |    105 |   1055 |   1235 |   9 |  823.4 |
         Abyss |    153 |    153 |      0 |     39 |      0 |   1 |  153.0 |
               +--------+--------+--------+--------+--------+-----+--------+

Top non-repeatable levels by time:
     D:1: 1230 daAuts
     D:2: 1229 daAuts
     D:6: 1078 daAuts
     D:5: 909 daAuts
     D:4: 842 daAuts
     D:3: 765 daAuts
     D:7: 748 daAuts
     D:8: 551 daAuts
 Abyss:1: 153 daAuts
     D:9: 55 daAuts
